 Dungeon Crawl Stone Soup version 0.24.0-13-gcf9b3192b9 (webtiles) character file.

Game seed: 15981319775725187176, levelgen mode: deterministic

17 ANON1729 the Chiller (level 2, 0/19 HPs)
             Began as a Demonspawn Ice Elementalist on Nov 8, 2019.
             Succumbed to an adder's poison
             ... on level 2 of the Dungeon.
             The game lasted 00:01:08 (1032 turns).

ANON1729 the Chiller (Demonspawn Ice Elementalist)  Turns: 1032, Time: 00:01:08

Health: 0/19       AC:  3    Str:  8    XL:     2   Next: 44%
Magic:  5/5        EV: 18    Int: 16    God:
Gold:   92         SH:  0    Dex: 18    Spells: 4/5 levels left

rFire    . . .     SeeInvis .   (no weapon)
rCold    + . .     Gourm    .   (no shield)
rNeg     . . .     Faith    .   a - +0 robe
rPois    .         Spirit   .   f - +0 helmet
rElec    .         Reflect  .   (no cloak)
rCorr    .         Harm     .   (no gloves)
MR       .....                  (no boots)
Stlth    +++.......             (no amulet)
HPRegen  0.06/turn              g - ring of flight
MPRegen  0.09/turn              k - ring of protection from cold

@: agile, lethally poisoned (0 -> -6)
A: spiny 1
a: Evoke Flight


You were on level 2 of the Dungeon.
You were not hungry.

You visited 1 branch of the dungeon, and saw 2 of its levels.

You collected 92 gold pieces.

Inventory:

Armour
 a - a +0 robe (worn)
 f - a +0 helmet (worn)
Jewellery
 g - a ring of flight (left hand)
 k - a ring of protection from cold (right hand)
Scrolls
 d - 3 scrolls of identify {unknown}
 e - a scroll of blinking {unknown}
 h - 2 scrolls of fog {unknown}
 j - a scroll of magic mapping {unknown}
Potions
 i - a potion of flight {unknown}
Comestibles
 c - 3 rations


   Skills:
 + Level 2.0 Dodging
 + Level 2.1 Stealth
 * Level 2.3 Spellcasting
   Level 1.0 Conjurations
 * Level 3.0 Ice Magic


You had 4 spell levels left.
You knew the following spells:

 Your Spells              Type           Power        Failure   Level  Hunger
a - Freeze                Ice            ##..         6%          1    #......

Your spell library contained the following spells:

 Spells                   Type           Power        Failure   Level  Hunger
 Throw Frost              Conj/Ice       #.....       13%         2    ###....
 Ozocubu's Armour         Chrm/Ice       #.......     32%         3    ###....
 Throw Icicle             Conj/Ice       #.......     65%         4    #####..
 Summon Ice Beast         Ice/Summ       #.......     71%         4    #####..


Dungeon Overview and Level Annotations

Branches:
Dungeon (1/15)

Altars:


Innate Abilities, Weirdness & Mutations

You are partially covered in sharp spines.


Message History

You hit the kobold but do no damage.
The kobold is moderately wounded.
The adder is struck by your spines. The adder bites you.
You are poisoned.
The adder poisons you! The kobold hits you with a +0 whip.
* * * LOW HITPOINT WARNING * * *
You are too injured to fight recklessly!
You are too injured to fight recklessly!
You are too injured to fight recklessly!
You are too injured to fight recklessly!
You are too injured to fight recklessly!
You are too injured to fight recklessly!
You are too injured to fight recklessly!
* * * LOW HITPOINT WARNING * * *
You feel sick. The adder bites you.
* * * LOW HITPOINT WARNING * * *
It was a potion of agility.
You feel agile all of a sudden.
You die...

#############
............#
............#
............###.
................
......l.K...#
########S####
#@# . #.# ..
########.####.##
#......>........
#...............
#...............
#...)...†#######
#........#
##########


You could see an adder and a kobold.

Vanquished Creatures
  A leopard gecko (D:2)
  A ball python (D:1)
  3 goblins
  2 hobgoblins (D:1)
  2 jackals (D:1)
  A bat (D:1)
  2 frilled lizards
  A kobold (D:1)
  2 rats (D:1)
15 creatures vanquished.

Notes
Turn   | Place    | Note
-------+----------+-------------------------------------------
     0 | D:1      | ANON1729 the Demonspawn Ice Elementalist began the quest
                  | for the Orb.
     0 | D:1      | Reached XP level 1. HP: 13/13 MP: 3/3
   454 | D:1      | Gained mutation: You are partially covered in sharp spines.
                  | [demonic ancestry]
   454 | D:1      | Reached XP level 2. HP: 19/19 MP: 1/5
   984 | D:1      | You fall into a shaft and drop 1 floor!
   997 | D:2      | Reached skill level 3 in Ice Magic
  1032 | D:2      | Succumbed to an adder's poison

Levels and vault maps discovered:
D:1:      mrwooster_arrival_arrow, layout_basic, st_stairs_4
D:2:      layout_basic, first_ration, minmay_tetromino_t2, uniq_robin

Skill      XL: |  1  2 |
---------------+-------+-----
Stealth        | 2 |  2.1
Ice Magic      | 3 |  3.0
Dodging        | 2 |  2.0
Spellcasting   | |  2.3
Conjurations   | |  1.0

Action                   || total
-------------------------++-------
Melee: Unarmed           ||    52
 Cast: Freeze            ||     7
  Use: Potion            ||     1
 Stab: Sleeping          ||     2
Armor: Robe              ||    16
Dodge: Dodged            ||    33
